 Dungeon Crawl Stone Soup version 0.26-a0-935-g3624241d3c (webtiles) character file.

Game seed: 12428825575250267656

13335 reriks the Blocker (level 12, -5/73 HPs)
             Began as a Gargoyle Fighter on Nov 27, 2020.
             Was a Believer of Makhleb.
             Slain by an elephant (10 damage)
             ... on level 3 of the Lair of Beasts.
             The game lasted 00:10:41 (13929 turns).

reriks the Blocker (Gargoyle Fighter)              Turns: 13929, Time: 00:10:42

Health: -5/73      AC: 32    Str: 21    XL:     12   Next: 4%
Magic:  12/12      EV:  8    Int:  9    God:    Makhleb [**....]
Gold:   484        SH: 19    Dex:  9    Spells: 11/11 levels left

rFire    . . .     SeeInvis .   l - +1 flail (vorpal)
rCold    . . .     Faith    .   c - +2 kite shield
rNeg     + . .     Spirit   .   v - +0 plate armour
rPois    ∞         Reflect  +   (no helmet)
rElec    +         Harm     .   x - +0 cloak
rCorr    .         Rampage  .   A - +0 pair of gloves
MR       .....                  j - +0 pair of boots
Stlth    ..........             C - amulet of reflection
HPRegen  0.22/turn              f - +4 ring of protection
MPRegen  0.13/turn              B - -4 ring of strength (curse)

@: no status effects
A: negative energy resistance 1, electricity resistance, unbreathing,
petrification resistance, rot immunity, AC +8
a: Minor Destruction, Renounce Religion


You were on level 3 of the Lair of Beasts.
You worshipped Makhleb.
Makhleb was pleased with you.
You visited 3 branches of the dungeon, and saw 12 of its levels.
You also visited: Sewer.

You collected 484 gold pieces.

Inventory:

Hand Weapons
 a - a +0 flail
 l - a +1 vorpal flail (weapon)
 t - a +2 vampiric whip
Armour
 b - a +0 scale mail
 c - a +2 kite shield (worn)
 e - a +1 scale mail of poison resistance
 j - a +0 pair of boots (worn)
 v - a +0 plate armour (worn)
 x - a +0 cloak (worn)
 A - a +0 pair of gloves (worn)
Jewellery
 f - a +4 ring of protection (left hand)
 o - an uncursed amulet of magic regeneration
 z - an uncursed ring of fire
 B - a cursed -4 ring of strength (right hand)
 C - an amulet of reflection (around neck)
Wands
 E - a wand of iceblast (11) (quivered)
 F - a wand of flame (18)
Scrolls
 g - a scroll of amnesia
 k - 3 scrolls of random uselessness
 n - 5 scrolls of enchant armour
 y - a scroll of enchant weapon
 D - a scroll of fog
 H - a scroll of magic mapping
Potions
 d - 3 potions of might
 h - 2 potions of haste
 i - a potion of berserk rage
 m - 3 potions of curing {unknown}
 p - 2 potions of heal wounds {unknown}
 q - a potion of attraction {unknown}
 r - 2 potions of degeneration {unknown}
 s - 6 potions of lignification {unknown}
 u - 4 potions of flight {unknown}
 w - a potion of resistance {unknown}
 G - a potion of mutation {unknown}


   Skills:
 + Level 8.0 Fighting
 * Level 9.9 Maces & Flails
 * Level 10.9 Armour
 + Level 5.3 Dodging
 * Level 11.0 Shields
 + Level 0.6 Invocations


You had 11 spell levels left.
You didn't know any spells.
Your spell library contained the following spells:

 Spells                   Type           Power        Failure   Level
 Beastly Appendage        Tmut           #.....       100%        1
 Wereblood                Tmut           #.......     100%        2
 Spider Form              Tmut/Pois      #.........   100%        3
 Ice Form                 Ice/Tmut       #.......     100%        4
 Blade Hands              Tmut           #.........   100%        5


Dungeon Overview and Level Annotations

Branches:
Dungeon (8/15)             Temple (1/1) D:6            Lair (3/6) D:8
  Sewer (visited)
  Swamp: Lair:2-4    Shoals: Lair:2-4     Snake: Lair:2-4    Spider: Lair:2-4

Altars:
Ashenzari
Dithmenos
Elyvilon
Fedhas
Kikubaaqudgha
Makhleb
Nemelex Xobeh
Trog
Uskayaw
Zin

Shops:
D:5 *

Annotations:
Lair:1 3 runed translucent doors, Uleum's ghost, journeyman MiBe


Innate Abilities, Weirdness & Mutations

You are resistant to torment.
Your stone body is resilient. (AC +8)
You are immune to poison.
You resist negative energy. (rN+)
You are resistant to electric shocks. (rElec)
You can survive without breathing.
You are immune to petrification.
You are immune to rotting.


Message History

You block the elephant's attack.
The elephant trunk-slaps you but does no damage.
The elephant tramples you.
* * * LOW HITPOINT WARNING * * *
You hold your ground!
The elephant trunk-slaps you but does no damage.
You hit the elephant but do no damage.
The elephant is severely wounded.
You block the elephant's attack. x2; The elephant tramples you.
* * * LOW HITPOINT WARNING * * *
You hold your ground!
You block the elephant's attack. x2
The elephant trunk-slaps you but does no damage.
The elephant tramples you but does no damage.
The elephant closely misses you.
You hit the elephant.
The elephant is almost dead.
You block the elephant's attack.
The elephant trunk-slaps you but does no damage.
The elephant tramples you!
You die...

### ### ######
.###..##.#######.P..##
.................PP...
.........<............
#.......#....#......
#.##Y.....#..##.....
#YY.........#.....
#@YY..#.....#.....
##Y...#.....#(....
#....##...##.....
#....##..##......
#......##.##.....
...........†........
....................
....................
....................


You could see 6 elephants.

Vanquished Creatures
  Harold (D:7)
  A hydra (Lair:1)
  A catoblepas (Lair:2)
  Pikel (D:7)
  The ghost of tinescath the Fighter, a novice KoBe of Trog (D:6)
  3 elephants (Lair:2)
  A black mamba (Lair:2)
  4 cane toads
  A rime drake (Lair:1)
  Sigmund (D:4)
  A wyvern (Lair:1)
  10 yaks
  A basilisk (Lair:3)
  Duvessa (D:5)
  5 water moccasins
  An ice beast (D:8)
  2 orc warriors (D:6)
  7 black bears
  2 phantoms
  A sky beast (D:4)
  2 ogres
  15 wolves
  A centaur (D:6)
  A lemure (D:7)
  8 bullfrogs
  A big kobold (Sewer)
  Dowan (D:5)
  4 scorpions
  4 killer bees (D:7)
  5 wights (D:7)
  A centaur zombie (D:6)
  A bullfrog skeleton (D:7)
  6 hounds
  2 jellies
  4 orc priests
  12 orc wizards
  Crazy Yiuf (D:6)
  A centaur skeleton (D:6)
  2 iguanas
  5 worker ants
  2 hound skeletons
  5 gnolls
  A howler monkey skeleton (D:6)
  11 adders
  2 river rats (Sewer)
  A shadow imp (D:5)
  An ufetubus (D:6)
  2 oozes
  2 adder skeletons
  4 worms
  3 dart slugs
  2 leopard geckos
  42 orcs
  2 ball pythons
  7 giant cockroaches
  7 goblins
  4 hobgoblins
  10 jackals
  3 quokkas
  6 bats
  10 frilled lizards
  A jackal skeleton (D:4)
  14 kobolds
  2 leopard gecko skeletons
  12 rats
279 creatures vanquished.

Vanquished Creatures (others)
  An orc wizard (D:4)
  12 fungi
  15 plants
28 creatures vanquished.

Grand Total: 307 creatures vanquished

Notes
Turn   | Place    | Note
-------+----------+-------------------------------------------
     0 | D:1      | reriks the Gargoyle Fighter began the quest for the Orb.
     0 | D:1      | Reached XP level 1. HP: 14/14 MP: 1/1
   174 | D:1      | Reached XP level 2. HP: 16/19 MP: 2/2
   386 | D:1      | Reached XP level 3. HP: 23/23 MP: 3/3
  1110 | D:2      | Reached XP level 4. HP: 27/28 MP: 4/4
  1129 | D:2      | Reached skill level 4 in Shields
  1517 | D:2      | Reached skill level 1 in Dodging
  1577 | D:2      | Reached XP level 5. HP: 33/33 MP: 5/5
  2749 | D:3      | Reached XP level 6. HP: 38/38 MP: 6/6
  2920 | D:4      | Found a white marble altar of Elyvilon.
  2920 | D:4      | Found a hide-covered altar of Uskayaw.
  2972 | D:4      | Found a broken altar of Ashenzari.
  3290 | D:4      | Noticed Sigmund
  3311 | D:4      | Killed Sigmund
  3312 | D:4      | Reached skill level 5 in Armour
  3312 | D:4      | Reached skill level 5 in Shields
  3363 | D:4      | Noticed a phantom
  3375 | D:4      | Reached XP level 7. HP: 40/43 MP: 7/7
  3584 | D:4      | Found a bloodstained altar of Trog.
  4350 | D:5      | Entered Level 5 of the Dungeon
  4386 | D:5      | Reached XP level 8. HP: 38/48 MP: 8/8
  4403 | D:5      | Reached skill level 6 in Shields
  4496 | D:5      | Noticed Dowan
  4498 | D:5      | Noticed Duvessa
  4866 | D:5      | Found a blossoming altar of Fedhas.
  4888 | D:5      | Found Heoful's General Store.
  5164 | D:4      | Reached skill level 5 in Maces & Flails
  5920 | D:5      | Killed Duvessa
  6046 | D:5      | Killed Dowan
  6047 | D:5      | Reached skill level 5 in Fighting
  6825 | D:6      | Found a glowing drain.
  6832 | Sewer    | Entered a sewer
  7091 | Sewer    | Found a glowing silver altar of Zin.
  7341 | D:6      | Reached skill level 7 in Shields
  7341 | D:6      | Reached XP level 9. HP: 54/54 MP: 9/9
  7552 | D:6      | Found a staircase to the Ecumenical Temple.
  7579 | Temple   | Entered the Ecumenical Temple
  7583 | Temple   | Became a worshipper of Makhleb the Destroyer
  7698 | D:6      | Found a runed translucent door.
  7699 | D:6      | Noticed Crazy Yiuf
  8015 | D:6      | Found a blossoming altar of Fedhas.
  8269 | D:6      | Found a runed translucent door.
  8271 | D:6      | Noticed tinescath's ghost (novice KoBe)
  8370 | D:6      | Killed tinescath's ghost
  8371 | D:6      | Reached skill level 8 in Shields
  8481 | D:6      | Killed Crazy Yiuf
  8651 | D:7      | Reached * piety under Makhleb
  8694 | D:7      | Noticed Harold
  8726 | D:7      | Killed Harold
  8727 | D:7      | Reached XP level 10. HP: 39/61 MP: 10/10
  9041 | D:7      | Noticed Pikel
  9072 | D:7      | Killed Pikel
  9073 | D:7      | Reached skill level 9 in Shields
  9763 | D:8      | Found a glowing silver altar of Zin.
  9763 | D:8      | Found a bloodstained altar of Trog.
  9768 | D:8      | Found a shadowy altar of Dithmenos.
 10034 | D:8      | Found a staircase to the Lair.
 10390 | Lair:1   | Entered Level 1 of the Lair of Beasts
 10443 | Lair:1   | Found an ancient bone altar of Kikubaaqudgha.
 10657 | Lair:1   | Noticed a five-headed hydra
 10669 | Lair:1   | Killed a five-headed hydra
 10829 | Lair:1   | Reached XP level 11. HP: 18/67 MP: 11/11
 11169 | Lair:1   | Found a runed translucent gate.
 11170 | Lair:1   | Found a runed translucent gate.
 11171 | Lair:1   | Found a runed translucent gate.
 11450 | Lair:1   | Noticed Uleum's ghost (journeyman MiBe)
 11741 | Lair:2   | Reached skill level 10 in Shields
 11752 | Lair:2   | Reached skill level 10 in Armour
 11970 | Lair:2   | Reached ** piety under Makhleb
 12323 | Lair:2   | Reached skill level 5 in Dodging
 13632 | Lair:3   | Noticed a catoblepas
 13710 | Lair:2   | Killed a catoblepas
 13711 | Lair:2   | Reached skill level 11 in Shields
 13711 | Lair:2   | Reached XP level 12. HP: 25/73 MP: 12/12
 13929 | Lair:3   | Slain by an elephant

Illustrated notes

Levels and vault maps discovered:
D:1:      dpeg_arrival_pond, layout_loops_ring, minmay_hedge_maze,
          minmay_pentomino_p4
D:2:      layout_basic, chequers_serial_rivers_small_b,
          kennysheep_generic_room_16
D:3:      layout_basic
D:4:      layout_cave_pods, grunt_temple_overflow_open, kennysheep_mini,
          trog_book, uniq_sigmund
D:5:      layout_loops_ring, serial_shops, shop, basic_altar,
          minmay_misc_feat_secret_circle, uniq_duvessa
D:6:      cheibrodos_barr_body, layout_cave_pods, temple_pool_b,
          cheibrodos_sewer_entry_drain, ebering_ghost_sewer_d, fedhas_altar_3,
          uniq_crazy_yiuf_cottage
D:7:      layout_basic, serial_park_tiny_pond, uniq_harold, uniq_pikel
D:8:      layout_loops_corners, minitemple, lair_entry_dummy, solitary_fountain
Temple:   kb_temple_of_zot
Lair:1:   layout_gridlike, gammafunk_ghost_icy, basic_altar, grunt_megastairs_4
Lair:2:   layout_long_grid, beast_lair_carwin_2
Lair:3:   layout_regular_city

Skill      XL: |  1  2  3  4  5  6  7  8  9 10 11 |
---------------+----------------------------------+-----
Armour         | 4 5 6 8 9 10 | 10.9
Shields        | 4 5 7 8 9 11 | 11.0
Dodging        | 1 2 3 4 5 |  5.3
Maces & Flails | 3 4 5 7 8 9 |  9.9
Fighting       | 4 5 6 7 8 |  8.0
Invocations    | |  0.6

Action                   |  1- 3 |  4- 6 |  7- 9 | 10-12 || total
-------------------------+-------+-------+-------+-------++-------
Melee: Flail             |   136 |   279 |   516 |   710 ||  1641
       Whip              |       |       |   128 |       ||   128
       Unarmed           |       |       |    19 |       ||    19
Invok: Minor Destruction |       |       |       |     1 ||     1
  Use: Scroll            |       |       |    12 |     4 ||    16
 Stab: Petrified         |       |       |       |     8 ||     8
Armor: Scale mail        |   102 |   238 |   281 |       ||   621
       Plate armour      |       |       |   107 |   683 ||   790
Dodge: Dodged            |    50 |   137 |   238 |   266 ||   691
Block: Kite shield       |    86 |   218 |   442 |   889 ||  1635

Table legend: (Time is in decaauts)
 A = Elapsed time spent in this place.
 B = Non-inter-level travel time spent in this place.
 C = Inter-level travel time spent in this place.
 D = Time resting spent in this place.
 E = Time spent auto-exploring this place.
 F = Levels seen in this place.
 G = Mean time per level.
                   A        B        C        D        E       F      G
               +--------+--------+--------+--------+--------+-----+--------+
         Total |  14172 |  13820 |    352 |   3661 |   7086 |  13 | 1090.2 |
       Dungeon |  10299 |  10029 |    270 |   2363 |   5441 |   8 | 1287.4 |
        Temple |      8 |      8 |      0 |      0 |      0 |   1 |    8.0 |
          Lair |   3528 |   3446 |     82 |   1161 |   1537 |   3 | 1176.0 |
         Sewer |    335 |    335 |      0 |    137 |    108 |   1 |  335.0 |
               +--------+--------+--------+--------+--------+-----+--------+

Top non-repeatable levels by time:
     D:4: 2614 daAuts
  Lair:1: 1497 daAuts
  Lair:2: 1459 daAuts
     D:6: 1412 daAuts
     D:5: 1292 daAuts
     D:2: 1184 daAuts
     D:7: 1147 daAuts
     D:1: 1022 daAuts
     D:3: 872 daAuts
     D:8: 753 daAuts
  Lair:3: 571 daAuts
   Sewer: 335 daAuts
  Temple: 8 daAuts
